Map: King's Cove LE

Players

SourSpinach - Winner!

  • Race: Protoss Protoss
  • League: Master
  • Spawn Location: 5:00

SilverBullet

  • Race: Terran Terran
  • Spawn Location: 11:00

VOD

Have the link to the VOD?

Description

Time

  • Played on: April 27, 2019, 2:39 p.m.
  • Length: 10:44
Show
View Real Time Build Order
Export as new Build Order

SourSpinach Protoss - Winner!

Build Orders: 1 Gate Expand 

Get SALT Encoding   

  12  0:01  Probe  
  13  0:13  Probe  
  14  0:18  Pylon  
  14  0:24  Probe  
  15  0:32  Probe  
  15  0:40  Gateway, Probe  
  16  0:49  Assimilator  
  17  0:51  Probe  
  18  1:03  Probe  
  19  1:24  Nexus  
  19  1:36  Probe, Cybernetics Core  
  20  1:44  Probe  
  20  1:53  Pylon  
  20  1:54  Probe  
  22  2:04  Gateway  
  22  2:10  Probe  
  23  2:15  Stalker  
  23  2:18  Warp Gate, Probe  
  26  2:26  Probe  
  26  2:32  Assimilator  
  26  2:36  Probe  
  28  2:45  Stalker  
  30  2:52  Stalker  
  30  2:55  Probe x2  
  34  3:06  Probe  
  34  3:07  Probe  
  36  3:14  Probe  
  36  3:15  Pylon  
  36  3:19  Probe  
  38  3:22  Probe  
  39  3:32  Probe  
  39  3:33  Probe  
  40  3:38  Robotics Facility  
  40  3:41  Probe  
  41  3:42  Pylon  
  41  3:44  Probe  
  43  3:49  Gateway  
  43  3:51  Twilight Council  
  43  3:53  Probe  
  43  3:56  Pylon  
  43  3:57  Probe  
  43  4:01  Probe  
  45  4:06  Sentry  
  45  4:09  Probe  
  49  4:10  Probe  
  50  4:19  Adept  
  50  4:20  Immortal  
  52  4:31  Stalker  
  56  4:32  Probe  
  56  4:34  Probe  
  56  4:36  Assimilator  
  58  4:39  Charge  
  58  4:40  Assimilator  
  58  4:43  Zealot  
  58  4:44  Zealot  
  58  4:45  Probe  
  63  4:49  Pylon  
  63  4:53  Probe  
  63  4:57  Probe  
  65  5:01  Observer, Pylon  
  65  5:02  Zealot  
  65  5:05  Probe  
  69  5:08  Zealot x2  
  69  5:10  Probe  
  74  5:17  Probe  
  74  5:18  Robotics Bay  
  75  5:22  Probe  
  75  5:27  Immortal  
  80  5:37  Pylon  
  80  5:45  Nexus  
  80  5:47  Forge  
  80  5:49  Probe  
  81  5:52  Probe  
  82  5:58  Pylon  
  82  6:02  Zealot  
  82  6:03  Zealot x2  
  88  6:05  Colossus  
  94  6:19  Observer  
  94  6:24  Probe x2  
  96  6:26  Shield Battery  
  96  6:28  Protoss Ground Weapons Level 1  
  96  6:32  Zealot x3  
  102  6:37  Extended Thermal Lance  
  102  6:53  Colossus  
  102  6:55  Pylon  
  102  6:57  Probe x2  
  104  7:02  Zealot x3  
  112  7:09  Probe x2  
  109  7:17  Probe  
  109  7:21  Probe  
  111  7:22  Gateway  
  111  7:23  Probe  
  111  7:24  Gateway  
  111  7:25  Gateway  
  111  7:26  Pylon  
  111  7:29  Probe  
  113  7:33  Probe  
  113  7:35  Stalker x2  
  118  7:37  Stalker  
  118  7:40  Probe  
  117  7:51  Colossus  
  117  8:14  Blink  
  117  8:20  Zealot x2  
  117  8:21  Stalker x2, Zealot x2  
  119  8:33  Probe x2  
  119  8:36  Assimilator  
  119  8:39  Assimilator  
  119  8:40  Warp Prism  
  119  8:44  Stalker x3  
  119  8:45  Stalker  
  119  8:47  Zealot x2  
  133  8:53  Nexus  
  133  8:55  Pylon  
  133  9:03  Pylon  
  133  9:14  Zealot x4  
  141  9:18  Colossus  
  141  9:20  Shield Battery  
  141  9:22  Shield Battery  
  139  9:26  Stalker  
  139  9:27  Stalker  
  143  9:31  Gateway  
  143  9:33  Gateway  
  143  9:36  Photon Cannon  
  143  9:37  Pylon  
  143  9:42  Zealot x3  
  145  9:52  Pylon  
  135  9:53  Pylon  
  131  10:03  Stalker x3, Zealot x2  
  131  10:04  Zealot  
  131  10:07  Probe x3  
  145  10:09  Assimilator  
  145  10:13  Templar Archives  
  145  10:14  Assimilator  
  152  10:18  Probe  
  153  10:24  Stalker x3  
  133  10:40  Stalker x3  
  133  10:41  Zealot x3  
Show
View Real Time Build Order
Export as new Build Order

SilverBullet Terran 

Build Orders: Reaper Expand 

Get SALT Encoding   

  12  0:00  SCV  
  13  0:12  SCV  
  14  0:18  Supply Depot  
  14  0:25  SCV  
  15  0:38  Refinery  
  15  0:39  SCV  
  16  0:45  Barracks  
  16  0:52  SCV  
  17  1:04  SCV  
  18  1:16  SCV  
  19  1:32  Orbital Command  
  19  1:33  Reaper  
  20  1:50  Command Center  
  20  1:59  SCV  
  21  2:11  SCV, Factory  
  22  2:16  Barracks Reactor  
  22  2:25  Supply Depot, SCV  
  22  2:28  Refinery  
  23  2:46  SCV  
  24  2:58  Factory Tech Lab, Marine x2  
  25  3:04  SCV  
  27  3:15  Orbital Command  
  27  3:18  SCV  
  27  3:19  Marine x2  
  30  3:24  Cyclone  
  30  3:25  Mag-Field Accelerator  
  33  3:30  SCV  
  33  3:39  Marine x2  
  35  3:42  SCV  
  35  3:46  SCV  
  37  3:50  Supply Depot  
  37  3:54  SCV  
  38  3:56  Cyclone  
  38  3:58  SCV  
  42  4:06  SCV  
  42  4:08  Engineering Bay  
  43  4:10  SCV  
  43  4:18  SCV  
  43  4:22  SCV  
  45  4:28  Cyclone  
  45  4:30  Supply Depot  
  45  4:32  SCV  
  45  4:33  Factory  
  46  4:41  Refinery  
  46  4:42  SCV  
  46  4:44  Refinery  
  47  4:46  Marine x2  
  47  4:52  SCV  
  50  4:54  Supply Depot  
  50  4:59  SCV  
  51  5:04  SCV  
  52  5:11  SCV, Cyclone  
  56  5:16  Factory Tech Lab, SCV  
  56  5:19  Supply Depot  
  57  5:23  SCV  
  58  5:28  SCV  
  59  5:37  Command Center  
  59  5:39  SCV  
  59  5:41  SCV  
  61  5:47  Cyclone  
  61  5:48  Cyclone  
  67  5:51  SCV  
  67  5:53  SCV  
  67  5:54  Missile Turret  
  69  6:07  Factory  
  69  6:08  Factory  
  69  6:15  SCV  
  69  6:16  SCV  
  71  6:20  Cyclone x2  
  77  6:33  SCV  
  77  6:38  Supply Depot x2  
  78  6:48  SCV x2  
  80  6:55  Cyclone x2, Factory Tech Lab x2  
  80  7:00  Supply Depot, Missile Turret  
  80  7:01  SCV x2  
  88  7:02  Supply Depot  
  88  7:08  Refinery x2  
  88  7:13  SCV  
  88  7:19  Cyclone  
  88  7:20  Cyclone  
  88  7:21  Orbital Command  
  95  7:22  SCV  
  95  7:25  SCV  
  95  7:27  Cyclone x2  
  102  7:34  Supply Depot x2, SCV  
  103  7:37  SCV  
  104  7:52  Cyclone x2  
  110  7:59  Cyclone  
  110  8:03  Cyclone  
  104  8:21  SCV x3  
  104  8:24  Cyclone x2  
  112  8:31  Cyclone  
  112  8:33  SCV  
  110  8:35  Cyclone  
  110  8:36  SCV x2  
  115  8:45  SCV  
  115  8:48  SCV x2  
  118  8:56  Cyclone x2  
  118  8:57  SCV, Command Center  
  116  9:03  Cyclone  
  116  9:07  Cyclone  
  122  9:14  Barracks  
  122  9:28  Cyclone x2  
  122  9:30  SCV x3  
  131  9:35  Cyclone  
  134  9:39  Cyclone  
  134  9:42  SCV x2  
  119  10:00  Cyclone x2  
  119  10:06  Factory  
  125  10:07  Cyclone  
  125  10:08  SCV x2  
  125  10:09  Factory, Refinery, Orbital Command  
  125  10:11  Cyclone, Refinery  
  124  10:31  SCV x2  
Tags
 
Add a new tag
Caveats
  • Supply blocks, unpowered buildings, or Contaminate may cause inaccurate times.
  • Supply counts are checked every 10 seconds.